 Dungeon Crawl Stone Soup version 0.29.1-4-g47bece8355 (webtiles) character file.

Game seed: 300373494137519535

270 fishmans the Shooter (level 6, 48/48 HPs)
             Began as a Draconian Hunter on Dec 3, 2022.
             Was a Follower of Qazlal.
             Quit the game on level 4 of the Dungeon.
             The game lasted 00:56:19 (5009 turns).

fishmans the Shooter (Draconian Hunter)             Turns: 5009, Time: 00:56:20

Health: 48/48      AC:  6    Str: 14    XL:     6   Next: 1%
Magic:  6/6        EV: 12    Int:  9    God:    Qazlal [*.....]
Gold:   171        SH:  1    Dex: 16    Spells: 3/5 levels left

rFire   . . .      SeeInvis .   a - +0 shortbow (vorpal)
rCold   . . .      Faith    .   (shield currently unavailable)
rNeg    . . .      Spirit   .   (body armour unavailable)
rPois   .          Reflect  .   (helmet restricted)
rElec   .          Harm     .   (no cloak)
rCorr   .          Rampage  .   (no gloves)
Will    .....                   (no boots)
Stlth   ++........              j - amulet of regeneration
HPRegen 0.96/turn               f - ring of wizardry
MPRegen 0.10/turn               (no ring)

@: no status effects
A: AC +6, unfitting armour, cold-blooded
a: Renounce Religion


You were on level 4 of the Dungeon.
You worshipped Qazlal.
Qazlal was aware of your devotion.
You visited 1 branch of the dungeon, and saw 4 of its levels.

You collected 171 gold pieces.

Inventory:

Hand Weapons
 a - a +0 vorpal shortbow (weapon)
 k - a +1 short sword of flaming
Missiles
 c - 11 poisoned darts
 e - 5 atropa-tipped darts
 i - 19 stones
Jewellery
 f - a ring of wizardry (left hand)
 j - an amulet of regeneration (around neck)
Wands
 n - a wand of iceblast (12)
Scrolls
 b - 3 scrolls of immolation
 g - 2 scrolls of identify
 h - a scroll of magic mapping
 o - a scroll of teleportation
Potions
 d - 2 potions of curing
 m - 3 potions of lignification
 p - a potion of heal wounds


   Skills:
 - Level 2.3 Fighting
 + Level 6.5 Ranged Weapons
 - Level 1.8 Dodging
 - Level 1.3 Stealth


You had 3 spell levels left.
You knew the following spells:

 Your Spells              Type           Power      Damage    Failure   Level
a - Call Imp              Summ           0%         N/A       24%         2

Your spell library contained the following spells:

 Spells                   Type           Power      Damage    Failure   Level
 Magic Dart               Conj           0%         1d3       16%         1
 Mephitic Cloud           Conj/Pois/Air  0%         N/A       43%         3


Dungeon Overview and Level Annotations

Branches:
Dungeon (4/15)
 Temple: D:4-7

Altars:
Makhleb
Qazlal
Sif Muna
Uskayaw
Vehumet
Yredelemnul


Innate Abilities, Weirdness & Mutations

Your plain brown scales are hard. (AC +6)
You cannot fit into any form of body armour.
You are cold-blooded and may be slowed by cold attacks.


Message History

a +0 dagger; a +0 robe
d - 2 potions of curing (gained 1)
There is a stone staircase leading up here.
You see here a +0 club.
There is an open door here.
There is an open door here.
You enter the shallow water.
Moving in this stuff is going to be slow.
You enter the shallow water.
Moving in this stuff is going to be slow.
You see here a +0 club.
You enter the shallow water.
Moving in this stuff is going to be slow.
Done exploring.
You enter the shallow water.
Moving in this stuff is going to be slow.
There is an open door here.
Press: ? - help, v - describe, . - travel A shimmering blue altar of Sif Muna.
Unknown command.
Search for what [? for help]? ecumenical Can't find anything matching that.
Search for what [Enter for "ecumenical", or ? for help]? ecumenical Can't find anything matching that.
There is an open door here.
You see here a +0 club.
As you read the scroll labelled ITATRE XALUTI, it crumbles to dust.
Your body is wracked with pain!
It was a scroll of torment.
You start resting.
HP restored.
Blink to where?
Press: ? - help, Dir - move target
As you read the scroll labelled JOLIBI JODAPNO, it crumbles to dust.
It was a scroll of blinking.
As you read the scroll of identify, it crumbles to dust.
m - 3 potions of lignification Welcome back, fishmans the Draconian Hunter.
Qazlal says: Let the forces of nature tear it all down!
Press ? for a list of commands and other information.
Are you sure you want to abandon this character and quit the game? (Confirm with "yes".)

## ##............)#....#..#....
≈### #.............#.#..#.......
≈≈≈## ####.....##...#.#.##.##.#.#
≈≈≈≈## ##....##.#.#.#.......#.#
..≈≈≈# #....#..#.#.#..#.####.#
##~~≈######....#.##.#.#..#....#.#
.##8.8.8.##......##.#....####.#.#
..'.)....#######>##.##...# #.#.#
.##8.8.8.# #@##.##...####.#.#
##~~≈###.# #.##.........#.#.#
..≈≈≈#...#######.#######.##.#...#
≈≈≈≈##........##.........#..)####
≈≈≈##...#####.############...####
≈###....# #<##########.........
##......######.........###.......
#.................[....+<#.......
#.......######.........##........


There were no monsters in sight!

Vanquished Creatures
  2 orc priests (D:3)
  2 orc wizards
  4 adders
  An ufetubus (D:4)
  A worm (D:2)
  6 dart slugs
  17 orcs
  5 bats
  6 endoplasms
  3 giant cockroaches
  5 goblins
  4 hobgoblins
  9 jackals
  6 kobolds
  6 quokkas
  7 ball pythons
  2 rats (D:1)
86 creatures vanquished.

Notes
Turn   | Place    | Note
-------+----------+-------------------------------------------
     0 | D:1      | fishmans the Draconian Hunter began the quest for the Orb.
     0 | D:1      | Reached XP level 1. HP: 17/17 MP: 1/1
    84 | D:1      | Reached skill level 1 in Stealth
   243 | D:1      | Reached XP level 2. HP: 23/24 MP: 2/2
   247 | D:1      | Reached skill level 4 in Ranged Weapons
   947 | D:1      | Found a faded altar of an unknown god.
  1246 | D:1      | Reached XP level 3. HP: 29/29 MP: 3/3
  1633 | D:2      | Learned a level 2 spell: Call Imp
  2478 | D:3      | Reached XP level 4. HP: 34/36 MP: 4/4
  2549 | D:3      | Reached skill level 5 in Ranged Weapons
  2716 | D:3      | Reached XP level 5. HP: 39/41 MP: 5/5
  2863 | D:3      | Found a faded altar of an unknown god.
  2863 | D:3      | Found a faded altar of an unknown god.
  2897 | D:3      | Found a stormy altar of Qazlal.
  2900 | D:3      | Found a basalt altar of Yredelemnul.
  2903 | D:3      | Found a radiant altar of Vehumet.
  2955 | D:3      | Became a worshipper of Qazlal Stormbringer
  3164 | D:3      | Reached skill level 6 in Ranged Weapons
  3538 | D:3      | Found a burning altar of Makhleb.
  4597 | D:4      | Found a hide-covered altar of Uskayaw.
  4696 | D:4      | Reached * piety under Qazlal
  4708 | D:4      | Found a shimmering blue altar of Sif Muna.
  4744 | D:4      | Reached XP level 6. HP: 37/48 MP: 6/6
  5009 | D:4      | Quit the game

Illustrated notes

Levels and vault maps discovered:
D:1:      dpeg_arrival_tiny_j, layout_loops_ring,
          hellmonk_ecumenical_altar_defaced_shrine
D:2:      layout_rooms
D:3:      layout_loops_corners, general_overflow_altar,
          chequers_temple_overflow_minitemple
D:4:      layout_basic, nicolae_overflow_crystal_walls,
          kennysheep_orc_sif_temple

Skill      XL: |  1  2  3  4  5 |
---------------+----------------+-----
Stealth        | 1 |  1.3
Ranged Weapons | 4 5 6 |  6.5
Fighting       | |  2.3
Dodging        | |  1.8

Action                   |  1- 3 |  4- 6 || total
-------------------------+-------+-------++-------
 Fire: Shortbow          |   113 |   160 ||   273
  Use: Potion            |     1 |       ||     1
       Scroll            |     3 |     8 ||    11
Armor: Skin              |    24 |    23 ||    47
Dodge: Dodged            |    36 |    44 ||    80
